Map: Terraform LE (Void)

Players

Zarmoxis - Winner!

  • Race: Terran Terran
  • League: Platinum

NoOns

  • Race: Zerg Zerg
  • League: Grandmaster

VOD

Have the link to the VOD?

Description

Time

  • Played on: Aug. 23, 2015, 6:40 a.m.
  • Length: 17:16
Show
View Real Time Build Order
Export as new Build Order

Zarmoxis Terran - Winner!

Build Orders: Liberator Opening 

Get SALT Encoding   

  12  0:00  SCV  
  13  0:12  SCV  
  14  0:18  Supply Depot  
  14  0:25  SCV  
  15  0:39  SCV  
  15  0:41  Barracks  
  16  0:46  Refinery  
  16  0:51  SCV  
  17  1:03  SCV  
  18  1:15  SCV  
  19  1:28  SCV, Supply Depot  
  19  1:30  Reaper  
  21  1:40  Command Center  
  21  1:43  SCV  
  22  1:52  Refinery  
  22  1:56  SCV  
  23  2:02  Barracks Reactor  
  23  2:08  SCV  
  24  2:20  SCV  
  25  2:27  Factory  
  25  2:40  Marine  
  25  2:41  Marine  
  25  2:43  SCV  
  27  2:52  SCV  
  27  2:55  SCV  
  27  2:57  Engineering Bay  
  29  3:02  Marine x2  
  29  3:04  SCV  
  32  3:07  SCV  
  32  3:12  Starport  
  33  3:17  SCV  
  34  3:26  Supply Depot, SCV  
  35  3:28  Hellion  
  35  3:29  Hellion  
  40  3:38  Planetary Fortress  
  40  3:39  Liberator  
  39  3:45  Armory  
  39  3:47  SCV  
  40  3:52  Bunker  
  40  3:59  SCV  
  44  4:08  Hellion x2  
  48  4:11  SCV  
  49  4:17  SCV  
  49  4:21  Supply Depot  
  49  4:24  SCV  
  51  4:25  Liberator  
  53  4:31  Hellion  
  53  4:43  Hellion  
  53  4:44  Supply Depot  
  58  4:48  SCV  
  58  4:49  SCV  
  60  4:54  Hellion  
  60  4:57  Barracks Reactor  
  62  5:06  SCV, Hellion  
  65  5:15  Command Center  
  65  5:16  SCV  
  65  5:17  Supply Depot x2  
  58  5:54  Hellion x2  
  62  5:59  Planetary Fortress  
  62  6:09  SCV  
  63  6:19  Refinery  
  63  6:20  Refinery  
  61  6:38  SCV x2  
  63  6:44  Hellion x2  
  67  6:49  Barracks  
  67  6:51  Barracks  
  67  6:52  SCV  
  67  6:53  SCV  
  69  6:58  Liberator  
  69  7:15  Hellion x2  
  69  7:46  Hellion  
  69  7:47  Hellion  
  64  7:55  Barracks Tech Lab  
  64  7:56  Barracks Reactor  
  64  7:57  Barracks Reactor  
  64  8:03  Command Center  
  64  8:04  Command Center  
  65  8:05  SCV x2  
  65  8:06  Engineering Bay x2  
  65  8:09  Barracks  
  66  8:17  SCV  
  66  8:18  SCV  
  68  8:21  Refinery  
  68  8:23  Stimpack, Refinery  
  68  8:29  SCV  
  68  8:33  Hellion x2  
  73  8:34  Marauder, Marine  
  73  8:35  Marine x3  
  73  8:37  Starport Reactor  
  73  8:38  Planetary Fortress  
  79  8:51  SCV x2  
  81  8:58  Barracks Reactor  
  81  8:59  Marine x4, Marauder  
  81  9:01  Hellion x2  
  91  9:05  Supply Depot  
  91  9:06  Supply Depot  
  91  9:11  Terran Infantry Weapons Level 1  
  91  9:16  Orbital Command x2  
  91  9:17  Marine  
  91  9:18  Terran Infantry Armor Level 1  
  93  9:24  SCV x2  
  93  9:29  Missile Turret  
  93  9:31  Missile Turret  
  94  9:37  Marauder, Missile Turret, Marine x4  
  94  9:38  Marine  
  101  9:39  Hellion x2  
  101  9:40  Medivac  
  107  9:47  SCV  
  107  9:48  SCV  
  107  9:49  SCV x2  
  107  9:50  SCV  
  107  9:51  Terran Vehicle Weapons Level 1  
  112  9:59  SCV  
  113  10:00  SCV  
  113  10:02  Marine x2  
  113  10:03  Marine x3, Marauder  
  113  10:06  SCV x2  
  123  10:14  Refinery  
  123  10:15  Refinery  
  123  10:22  Supply Depot  
  123  10:23  Supply Depot  
  123  10:25  Supply Depot  
  123  10:33  Marauder, Marine x3  
  123  10:34  Marine x2  
  123  10:35  Combat Shields  
  130  10:42  Marine  
  130  10:44  Hellion x2  
  130  10:47  Medivac x2, Orbital Command  
  139  11:00  Marauder, Marine x5  
  146  11:14  SCV x3  
  146  11:15  SCV x2  
  151  11:24  Supply Depot  
  151  11:29  Supply Depot  
  151  11:30  Supply Depot  
  140  11:57  Medivac x2  
  140  11:58  Hellion  
  140  11:59  Hellion, Marauder, Marine x4  
  154  12:04  SCV x5  
  154  12:06  Terran Infantry Weapons Level 2  
  159  12:09  Terran Infantry Armor Level 2  
  159  12:10  Terran Vehicle Weapons Level 2  
  159  12:16  SCV  
  160  12:22  Supply Depot  
  158  12:38  Marauder, Marine x5  
  158  12:39  Marine  
  166  12:48  Medivac x2  
  170  12:53  Hellion x2  
  172  13:00  Barracks x2  
  172  13:03  Barracks  
  172  13:05  SCV x3  
  175  13:19  Starport  
  175  13:41  Marine x5  
  136  13:57  Barracks Reactor, Marauder  
  136  13:59  Barracks Reactor, Barracks Tech Lab, Marine  
  136  14:00  Marine x5  
  136  14:01  Hellion  
  136  14:02  Hellion, Medivac x2  
  150  14:18  Marauder  
  150  14:19  Marauder  
  130  14:26  Marine x5  
  130  14:28  Hellion x2  
  137  14:36  Marine x3  
  137  14:37  Marine x2  
  142  14:44  Marauder x2  
  146  14:58  Marine x6  
  146  14:59  Marine x4  
  156  15:00  Hellion  
  156  15:01  Hellion, Medivac x2  
  156  15:04  Marine  
  156  15:05  Marine  
  166  15:11  Command Center  
  166  15:16  Marine x2  
  168  15:23  Marauder x2, Marine x2  
  168  15:24  Marine x4  
  178  15:29  Command Center, Hellion x2  
  181  15:46  Marauder, Marine x2  
  181  15:47  Marine x2, Marauder  
  181  15:49  Marine x3  
  184  16:05  Marine x2  
  184  16:06  Marine  
  184  16:10  Concussive Shells  
  187  16:23  Marauder, Hellion x2, Medivac x2, Marine  
  198  16:34  Marauder  
Show
View Real Time Build Order
Export as new Build Order

NoOns Zerg 

Build Orders: Hatch First, Lurkers 

Get SALT Encoding   

  12  0:01  Drone  
  13  0:11  Drone  
  14  0:34  Hatchery  
  13  0:38  Drone  
  14  0:47  Extractor  
  14  0:48  Overlord  
  13  0:52  Drone  
  14  1:07  Drone x2  
  16  1:12  Drone  
  17  1:21  Drone  
  18  1:26  Spawning Pool  
  17  1:34  Drone  
  18  1:43  Overlord  
  18  1:46  Drone  
  19  1:51  Pneumatized Carapace  
  19  1:54  Drone  
  19  1:57  Drone  
  21  2:10  Drone x2  
  23  2:18  Queen  
  23  2:19  Drone x2  
  27  2:25  Metabolic Boost  
  27  2:32  Zergling x4  
  29  2:48  Drone  
  29  2:49  Drone x2  
  32  2:57  Queen  
  34  3:06  Drone x2  
  36  3:14  Overlord  
  36  3:27  Hatchery  
  35  3:39  Zergling x14  
  42  3:45  Queen  
  44  3:51  Overlord  
  44  4:01  Overlord  
  44  4:03  Extractor  
  44  4:05  Extractor  
  44  4:07  Spine Crawler x2  
  40  4:23  Zergling x12  
  46  4:33  Lair  
  46  4:35  Roach Warren  
  46  4:36  Drone x3  
  48  4:48  Zergling x8  
  46  5:31  Drone x9  
  53  5:42  Drone x2  
  55  5:44  Spore Crawler  
  51  6:03  Drone  
  51  6:04  Drone x5  
  57  6:07  Drone  
  57  6:09  Overlord  
  57  6:10  Overlord  
  57  6:11  Overlord  
  58  6:29  Overlord x3  
  58  6:30  Roach  
  58  6:31  Roach  
  58  6:34  Spine Crawler  
  58  6:35  Spine Crawler  
  52  6:41  Spore Crawler  
  52  6:43  Drone x7, Hydralisk Den  
  52  6:44  Extractor  
  52  6:46  Drone  
  57  6:50  Glial Reconstitution  
  57  6:52  Roach  
  59  6:58  Roach x2  
  61  7:08  Spine Crawler  
  61  7:09  Spine Crawler  
  61  7:15  Roach x4  
  62  7:16  Spine Crawler  
  62  7:18  Spine Crawler, Roach  
  62  7:25  Spine Crawler, Roach  
  62  7:29  Spine Crawler  
  58  7:38  Roach x3  
  60  7:45  Roach x2  
  60  7:46  Roach  
  60  7:49  Roach x2  
  66  8:01  Drone x6  
  72  8:07  Drone  
  72  8:08  Drone  
  74  8:14  Muscular Augments  
  74  8:19  Roach Warren  
  73  8:22  Evolution Chamber  
  73  8:25  Overseer  
  73  8:26  Evolution Chamber, Drone x6  
  78  8:34  Drone x2  
  78  8:36  Queen  
  78  8:39  Extractor  
  78  8:40  Extractor  
  80  8:45  Ravager x2  
  82  8:50  Overlord x3  
  82  8:51  Hatchery  
  82  8:53  Zerg Missile Weapons Level 1, Zerg Ground Armor Level 1  
  81  8:57  Drone  
  81  9:01  Overlord x3  
  82  9:10  Drone x6  
  82  9:12  Queen  
  82  9:16  Lurker Den  
  90  9:32  Hydralisk  
  90  9:33  Hydralisk x5  
  90  9:36  Hydralisk  
  104  9:49  Baneling Nest  
  103  10:00  Drone x5  
  103  10:01  Drone x5  
  113  10:14  Hydralisk x2  
  113  10:15  Hydralisk x4  
  113  10:17  Burrow  
  125  10:29  Infestation Pit  
  125  10:32  Centrifical Hooks  
  124  10:37  Drone x8, Overlord  
  132  10:44  Spore Crawler, Extractor  
  132  10:46  Spore Crawler  
  132  10:47  Extractor  
  132  10:49  Lurker  
  130  10:50  Lurker x3  
  132  11:23  Overlord x3  
  132  11:39  Roach  
  128  11:40  Roach x5  
  94  11:56  Zergling x16  
  94  11:57  Zergling x6  
  105  12:05  Spine Crawler  
  105  12:07  Zerg Ground Armor Level 2  
  105  12:08  Zerg Melee Weapons Level 1  
  104  12:12  Roach Warren  
  103  12:17  Baneling x4  
  103  12:18  Baneling x2  
  103  12:26  Hive  
  103  12:32  Spine Crawler  
  103  12:33  Drone x8  
  103  12:34  Drone x3, Spine Crawler  
  103  12:36  Spine Crawler  
  107  12:38  Spine Crawler x3  
  95  12:47  Baneling x4  
  95  12:48  Baneling x12  
  95  12:49  Zergling x2  
  95  12:50  Zergling x34  
  108  12:54  Overseer  
  108  12:56  Hydralisk  
  108  12:57  Hydralisk x2  
  114  13:24  Baneling x12  
  114  13:25  Baneling x4  
  114  13:29  Hatchery  
  94  13:42  Roach x17  
  122  14:06  Roach  
  122  14:07  Roach x7  
  92  14:32  Roach x9  
  98  14:51  Spine Crawler  
  98  14:52  Spine Crawler x2  
  96  14:54  Zergling x14  
  96  14:55  Zergling x4  
  104  15:02  Hatchery  
  104  15:04  Hatchery  
  94  15:11  Spine Crawler  
  94  15:13  Extractor  
  92  15:15  Extractor  
  92  15:18  Roach  
  92  15:19  Roach x8  
  93  15:30  Roach x2  
  58  15:57  Drone  
  58  15:58  Zergling x2  
  58  15:59  Zergling x8  
  51  16:21  Hatchery  
  51  16:22  Baneling x6  
  51  16:24  Spore Crawler  
  49  16:26  Spore Crawler  
  49  16:31  Drone x10  
  58  16:40  Hatchery  
Tags
 
Add a new tag
Caveats
  • Supply blocks, unpowered buildings, or Contaminate may cause inaccurate times.
  • Supply counts are checked every 10 seconds.